 Dungeon Crawl Stone Soup version 0.26-a0-478-g6c97825307 (webtiles) character file.

Game seed: 6312199133645829071

5808 Infinimo the Geomancer (level 10, -2/69 HPs)
             Began as a Hill Orc Earth Elementalist on Aug 1, 2020.
             Was an Initiate of Gozag.
             Slain by Erolcha
             ... wielding a +0 giant club
              (32 damage)
             ... on level 9 of the Dungeon.
             The game lasted 00:16:24 (14396 turns).

Infinimo the Geomancer (HOEE)                      Turns: 14396, Time: 00:16:25

Health: -2/69      AC:  6    Str: 12    XL:     10   Next: 79%
Magic:  5/20       EV: 12    Int: 18    God:    Gozag
Gold:   1501       SH:  0    Dex: 11    Spells: 19/23 levels left

rFire    . . .     SeeInvis .   B - staff of wizardry
rCold    . . .     Faith    .   (no shield)
rNeg     . . .     Spirit   .   c - +0 robe
rPois    .         Reflect  .   n - +0 helmet
rElec    .         Harm     .   (no cloak)
rCorr    .                      j - +1 pair of gloves
MR       +....                  a - +0 pair of boots
Stlth    ++........             e - amulet of magic regeneration
HPRegen  0.21/turn              o - ring of protection from magic
MPRegen  0.42/turn              q - ring of flight

@: no status effects
A: no striking features
a: Potion Petition, Call Merchant, Bribe Branch, Renounce Religion, Evoke Flight


You were on level 9 of the Dungeon.
You worshipped Gozag.
Gozag was most pleased with you.
You visited 1 branch of the dungeon, and saw 9 of its levels.

You collected 1767 gold pieces.
You spent 175 gold pieces at shops.
You paid 91 gold pieces to Gozag.

Inventory:

Hand Weapons
 r - a +1 dagger of venom
 w - a +2 hand axe of electrocution
Missiles
 k - 23 stones (quivered)
Armour
 a - a +0 pair of boots (worn)
 c - a +0 robe (worn)
 j - a +1 pair of gloves (worn)
 n - a +0 helmet (worn)
Magical Staves
 B - an uncursed staff of wizardry (weapon)
Jewellery
 e - an amulet of magic regeneration (around neck)
 o - a ring of protection from magic (left hand)
 q - a ring of flight (right hand)
Wands
 p - a wand of iceblast (8)
 v - a wand of digging (2)
Scrolls
 d - 3 scrolls of immolation
 l - 9 scrolls of remove curse
 s - a scroll of amnesia
 x - 5 scrolls of identify
 y - a scroll of noise {unknown}
Potions
 b - a potion of invisibility {unknown}
 f - 2 potions of flight
 g - 3 potions of brilliance
 h - 3 potions of mutation
 i - a potion of curing
 m - a potion of might
 t - 3 potions of stabbing
 u - a potion of ambrosia
 A - 2 potions of magic {unknown}
 C - a potion of resistance {unknown}


   Skills:
 - Level 1.5 Dodging
 - Level 1.5 Stealth
 + Level 7.2 Spellcasting
   Level 0.6 Transmutations
 * Level 12.9 Earth Magic


You had 19 spell levels left.
You knew the following spells:

 Your Spells              Type           Power        Failure   Level
a - Sandblast             Erth           ######       1%          1
b - Stone Arrow           Conj/Erth      ####..       1%          3

Your spell library contained the following spells:

 Spells                   Type           Power        Failure   Level
 Passwall                 Tmut/Erth      ####....     1%          2
 Lee's Rapid Deconstruct  Erth           ######....   1%          5
 Petrify                  Tmut/Erth      ####....     2%          4


Dungeon Overview and Level Annotations

Branches:
Dungeon (9/15)             Temple (0/1) D:6
   Lair: D:8-11         Orc: D:9-12

Altars:
Ashenzari
Cheibriados
Dithmenos
Fedhas
Gozag
Kikubaaqudgha
Makhleb
Ru
Trog
Wu Jian
Zin
The Shining One

Shops:
D:4 *   D:6 *   D:8 (

Annotations:
D:8 exclusions: ice statue and obsidian statue
D:9 Erolcha


Message History

Erolcha is severely wounded.
Erolcha hits you with a +0 giant club!!
Casting: Stone Arrow (safe; 1% risk of failure)
Confirm with . or Enter, or press ? or * to list all spells.
Aiming: Stone Arrow (safe; 1% risk of failure)
Press: ? - help, Shift-Dir - straight line, f/p - Erolcha
Aim: Erolcha, wielding a +0 giant club and wearing a +0 robe (severely wounded)
The stone arrow misses Erolcha.
Erolcha hits you with a +0 giant club!!
* * * LOW HITPOINT WARNING * * *
You feel much better.
Casting: Stone Arrow (safe; 1% risk of failure)
Confirm with . or Enter, or press ? or * to list all spells.
Aiming: Stone Arrow (safe; 1% risk of failure)
Press: ? - help, Shift-Dir - straight line, f/p - Erolcha
Aim: Erolcha, wielding a +0 giant club and wearing a +0 robe (severely wounded)
The stone arrow hits Erolcha!
Erolcha is almost dead.
Erolcha hits you with a +0 giant club!!
You die...
Your body crumbles into a pile of gold.

#.# ##.#### ####### #.# #.....#
....... #.# #.###.# ....... #.#
#.#...# .....O.#######>##
#.#.###
.......$..).##..#########.#...##
.......####...............###.##
....... #####O#########.....#.
....... #@# #####... ....... #.#
#.....## ######## #.# ##...## .#
#.# ##..#### .######## ###'##
#......## ........### #....#
#>....(.. ..........## #....#
####......#. |.......#..#
#....####.........##
........##.###....'....##......#


You could see Erolcha.

Vanquished Creatures
  A deep elf mage (D:8)
  Joseph (D:7)
  Maurice (D:9)
  A troll (D:9)
  Grinder (D:6)
  Grum (D:8)
  Duvessa (D:6)
  4 ice beasts
  An orc warrior (D:7)
  2 phantoms
  3 sky beasts
  A black bear (D:8)
  4 wolves
  6 ogres
  3 centaurs
  3 bullfrogs
  2 big kobolds
  Dowan (D:6)
  3 scorpions
  A water moccasin skeleton (D:7)
  9 killer bees
  A centaur skeleton (D:4)
  A jelly (D:6)
  3 hounds
  8 orc wizards
  An orc priest (D:7)
  A gnoll shaman (D:4)
  3 bullfrog skeletons
  An iguana (D:4)
  6 worker ants
  A worker ant zombie (D:4)
  Robin (D:2)
  9 gnolls
  A howler monkey skeleton (D:6)
  10 adders
  3 shadow imps
  3 white imps
  2 ufetubi
  An adder zombie (D:5)
  5 worms
  A dart slug (D:1)
  2 leopard geckos
  21 orcs
  3 ball pythons
  5 giant cockroaches
  8 goblins
  11 hobgoblins
  14 kobolds
  4 quokkas
  6 bats
  2 frilled lizards
  A leopard gecko skeleton (D:4)
  2 leopard gecko zombies
  A quokka zombie (D:5)
  9 rats
201 creatures vanquished.

Notes
Turn   | Place    | Note
-------+----------+-------------------------------------------
     0 | D:1      | Infinimo the Hill Orc Earth Elementalist began the quest
                  | for the Orb.
     0 | D:1      | Reached XP level 1. HP: 14/14 MP: 3/3
    32 | D:1      | Found a shattered altar of Ashenzari.
   292 | D:1      | Reached XP level 2. HP: 11/20 MP: 2/4
  1569 | D:2      | Reached XP level 3. HP: 7/26 MP: 2/5
  2085 | D:2      | Reached skill level 4 in Earth Magic
  2611 | D:3      | Noticed Robin
  2621 | D:3      | Reached XP level 4. HP: 26/33 MP: 7/7
  2786 | D:2      | Killed Robin
  2870 | D:3      | Found an opulent altar of Gozag.
  2886 | D:3      | Became a worshipper of Gozag Ym Sagoz the Greedy
  3230 | D:2      | Learned a level 3 spell: Stone Arrow
  3251 | D:3      | Reached XP level 5. HP: 19/38 MP: 6/8
  3931 | D:3      | Reached skill level 5 in Earth Magic
  4997 | D:4      | Noticed an ogre
  5004 | D:4      | Killed an ogre
  5004 | D:4      | Reached XP level 6. HP: 45/45 MP: 4/10
  5562 | D:4      | Found Ihill's General Store.
  5582 | D:4      | Bought a potion of haste for 120 gold pieces
  5593 | D:4      | Reached skill level 6 in Earth Magic
  6059 | D:4      | Reached XP level 7. HP: 38/50 MP: 6/12
  6397 | D:4      | Found an ornate altar of the Wu Jian Council.
  6400 | D:4      | Found a glowing golden altar of the Shining One.
  6400 | D:4      | Found an ancient bone altar of Kikubaaqudgha.
  6401 | D:4      | Found a snail-covered altar of Cheibriados.
  6401 | D:4      | Found an opulent altar of Gozag.
  6401 | D:4      | Found a shattered altar of Ashenzari.
  6401 | D:4      | Found a blossoming altar of Fedhas.
  6402 | D:4      | Found a bloodstained altar of Trog.
  6674 | D:4      | Reached skill level 7 in Earth Magic
  6853 | D:5      | Entered Level 5 of the Dungeon
  6880 | D:5      | Found a blossoming altar of Fedhas.
  7560 | D:5      | Reached XP level 8. HP: 57/57 MP: 12/14
  7578 | D:5      | Reached skill level 8 in Earth Magic
  8681 | D:6      | Noticed Dowan
  8683 | D:6      | Found a staircase to the Ecumenical Temple.
  8683 | D:6      | Noticed Duvessa
  8692 | D:6      | Killed Duvessa
  8695 | D:6      | Killed Dowan
  8695 | D:6      | Reached skill level 9 in Earth Magic
  8791 | D:6      | Noticed Grinder
  8807 | D:6      | Killed Grinder
  8807 | D:6      | Reached skill level 5 in Spellcasting
  8807 | D:6      | Reached XP level 9. HP: 46/62 MP: 8/16
  8987 | D:6      | Found Doak's General Store.
  9042 | D:6      | Reached skill level 10 in Earth Magic
  9286 | D:6      | Bought a potion of heal wounds for 55 gold pieces
 10465 | D:7      | Noticed Joseph
 11149 | D:7      | Reached skill level 11 in Earth Magic
 11637 | D:7      | Killed Joseph
 11637 | D:7      | Reached XP level 10. HP: 53/69 MP: 13/19
 11960 | D:8      | Noticed Grum
 12069 | D:8      | Noticed an ice statue
 12273 | D:8      | Found Rulotat's Antique Weapon Boutique.
 12567 | D:7      | Reached skill level 12 in Earth Magic
 12789 | D:8      | Killed Grum
 13004 | D:8      | Noticed an obsidian statue
 13017 | D:8      | Noticed a deep elf mage
 13019 | D:8      | Killed a deep elf mage
 13170 | D:8      | Found a sacrificial altar of Ru.
 13170 | D:8      | Found a shadowy altar of Dithmenos.
 14088 | D:9      | Found a glowing silver altar of Zin.
 14155 | D:9      | Noticed Maurice
 14162 | D:9      | Killed Maurice
 14304 | D:9      | Found a burning altar of Makhleb.
 14370 | D:9      | Noticed Erolcha
 14396 | D:9      | Slain by Erolcha

Illustrated notes

Levels and vault maps discovered:
D:1:      kennysheep_arrival_forest, layout_basic, minmay_splitting_lines,
          evilmike_ruin_ashenzari
D:2:      layout_loops_ring, uniq_crazy_yiuf_cottage
D:3:      layout_basic, kennysheep_minor_cross, nicolae_gozag_seed_capital,
          uniq_robin
D:4:      layout_gridville, grunt_temple_overflow_open, serial_shops, shop,
          abandoned_shop
D:5:      layout_gridville, basic_altar, minmay_tree_intersection
D:6:      layout_basic, minmay_temple_entry_steel_oval, serial_shops,
          nicolae_shop_waterfront, uniq_grinder, uniq_duvessa
D:7:      layout_loops_ring, kennysheep_generic_room_9, uniq_joseph
D:8:      minmay_separated_statues, layout_rooms,
          gammafunk_temple_overflow_wave, serial_shops,
          nicolae_shop_overgrown_old_shop, uniq_grum
D:9:      layout_roguey, nicolae_overflow_hidden_temple, marbit_many_paths,
          uniq_maurice, uniq_erolcha

Skill      XL: |  1  2  3  4  5  6  7  8  9 10 |
---------------+-------------------------------+-----
Spellcasting   | 2 3 4 5 6 7 |  7.2
Earth Magic    | 4 5 6 7 9 11 12 | 12.9
Dodging        | |  1.5
Stealth        | |  1.5
Transmutations | |  0.6

Action                   |  1- 3 |  4- 6 |  7- 9 | 10-12 || total
-------------------------+-------+-------+-------+-------++-------
Melee: Whip              |   110 |   105 |       |       ||   215
       Dagger            |       |    48 |   253 |    95 ||   396
 Cast: Sandblast         |    12 |    39 |   101 |    48 ||   200
       Stone Arrow       |       |       |     7 |    24 ||    31
Evoke: Wand              |       |       |       |     1 ||     1
  Use: Scroll            |       |     7 |     4 |       ||    11
       Potion            |       |       |     5 |     2 ||     7
 Stab: Sleeping          |     5 |       |     3 |     1 ||     9
Armor: Robe              |    28 |    53 |    92 |    54 ||   227
Dodge: Dodged            |    69 |    98 |   166 |    91 ||   424

Table legend: (Time is in decaauts)
 A = Elapsed time spent in this place.
 B = Non-inter-level travel time spent in this place.
 C = Inter-level travel time spent in this place.
 D = Time resting spent in this place.
 E = Time spent auto-exploring this place.
 F = Levels seen in this place.
 G = Mean time per level.
                   A        B        C        D        E       F      G
               +--------+--------+--------+--------+--------+-----+--------+
         Total |  14391 |  13797 |    594 |    393 |  11545 |   9 | 1599.0 |
       Dungeon |  14391 |  13797 |    594 |    393 |  11545 |   9 | 1599.0 |
               +--------+--------+--------+--------+--------+-----+--------+

Top non-repeatable levels by time:
     D:3: 2227 daAuts
     D:7: 2224 daAuts
     D:6: 2028 daAuts
     D:2: 1717 daAuts
     D:4: 1583 daAuts
     D:1: 1346 daAuts
     D:8: 1192 daAuts
     D:5: 1136 daAuts
     D:9: 934 daAuts
